 Dungeon Crawl Stone Soup version 0.17-a0-1927-g319369b (webtiles) character file.

592 Rationalist the Shield-Bearer (level 7, 0/55 HPs)
             Began as a Demonspawn Fighter on Sept 29, 2015.
             Killed from afar by an orc wizard (8 damage)
             ... with a puff of flame
             ... on level 4 of the Dungeon.
             The game lasted 00:09:05 (4081 turns).

Rationalist the Shield-Bearer (Demonspawn Fighter)  Turns: 4081, Time: 00:09:05

Health: 0/55       AC:  8    Str: 16    XL:     7   Next: 16%
Magic:  7/7        EV:  6    Int: 14    God:
Gold:   186        SH: 14    Dex: 15    Spells: 0 memorised, 6 levels left

rFire  . . .     SeeInvis +     a - +0 war axe
rCold  . . .     Clarity  +     b - +0 scale mail
rNeg   . . .     SustAt   .     l - +0 large shield (curse)
rPois  .         Gourm    .     (no helmet)
rElec  .         Spirit   .     (no cloak)
rCorr  .         Warding  .     (no gloves)
rMut   .         Stasis   .     (no boots)
MR     +....                    v - amulet of clarity
Stlth  ..........               k - ring of protection from magic
                                h - ring of see invisible

@: brilliant, somewhat resistant to hostile enchantments, extremely unstealthy
A: claws 2, rugged brown scales 1, powered by death 2
a: no special abilities


You were on level 4 of the Dungeon.
You were hungry.

You visited 1 branch of the dungeon, and saw 4 of its levels.

You collected 186 gold pieces.

Inventory:

Hand weapons
 a - a +0 war axe (weapon)
 y - a +0 blowgun
Missiles
 g - 70 bolts
 u - 40 sling bullets
 B - 5 poisoned needles
 H - 7 silver bolts
Armour
 b - a +0 scale mail (worn)
 c - a +0 shield
 l - a cursed +0 large shield (worn)
 C - a +0 large shield
Jewellery
 h - a ring of see invisible (left claw)
 k - a ring of protection from magic (right claw)
 v - an amulet of clarity (around neck)
Scrolls
 i - 3 scrolls of recharging {unknown}
 j - a scroll of noise {unknown}
 n - 2 scrolls of enchant armour {unknown}
 o - a scroll of teleportation {unknown}
 q - a scroll of remove curse {unknown}
 r - 3 scrolls of identify {unknown}
 x - a scroll of fog {unknown}
Potions
 d - a potion of mutation {unknown}
 f - 3 potions of brilliance
 s - 2 potions of curing
 w - 2 potions of heal wounds {unknown}
 z - a potion of resistance {unknown}
 A - 2 potions of might
 D - a potion of magic {unknown}
 E - 2 potions of lignification {unknown}
 F - 2 potions of haste {unknown}
Comestibles
 e - 6 bread rations
 m - 6 meat rations
 p - a royal jelly
 t - a slice of pizza


   Skills:
 + Level 4.2 Fighting
 + Level 3.2 Axes
 + Level 3.9 Armour
 + Level 2.6 Dodging
 + Level 4.8 Shields


You had 6 spell levels left.
You didn't know any spells.

Dungeon Overview and Level Annotations

Branches:
Dungeon (4/15)
 Temple: D:4-7

Altars:
Cheibriados
Nemelex Xobeh


Innate Abilities, Weirdness & Mutations

You have very sharp fingernails.
You are partially covered in rugged brown scales (AC +1, +3% HP).
You regenerate health from kills.


Message History

The puff of flame hits you!
* * * LOW HITPOINT WARNING * * *
You block the orc wizard's attack.
Unknown command.
Drink which item? (? for menu, Esc to quit)
It was a potion of brilliance.
You feel clever all of a sudden.
The orc wizard hits you but does no damage.
The orc wizard casts a spell.
The orc wizard flickers and vanishes for a moment.
Drink which item? (? for menu, Esc to quit)
It was a potion of curing.
You feel better.
The orc wizard points at you and mumbles some strange words.
The puff of flame misses you.
You hit the orc wizard but do no damage.
The orc wizard is almost dead.
The orc wizard barely misses you. The orc wizard casts a spell at you.
The puff of flame hits you!
You die...

#.##...#...†.........
#....#.........#.####
####...#.###...#.#####
#....#..............##
#.###.#####...#.##...##
#.# ### ###...#.#...<.#
#.# #.....#.........#
#.# #....####.....###
#.# #@)).# ##...## #.#
#o.#.# ##.## #.# #..#.#
##.## #.# #.)#.# #...#
#.# ####..#.#####.#.#
#.# #...........#...#
#.# #.##..#.###.##.##
#.# #.##..#.# #.##.#
#.# #.##..#.###.##.##


You could see an orc wizard (invisible).

Vanquished Creatures
  A phantom (D:4)
  The ghost of DecibelRebel the Gusty, an average TeAE (D:3)
  A scorpion (D:4)
  3 orc priests (D:4)
  Jessica (D:2)
  A giant frog skeleton (D:4)
  3 worker ants (D:4)
  9 adders
  A worm (D:4)
  13 orcs
  8 bats
  7 goblins
  9 hobgoblins
  4 quokkas
  A ball python (D:3)
  4 giant cockroaches
  2 giant geckos
  4 giant newts
  16 kobolds
  10 rats
99 creatures vanquished.

Notes
Turn   | Place    | Note
--------------------------------------------------------------
     0 | D:1      | Rationalist the Demonspawn Fighter began the quest for the Orb.
     0 | D:1      | Reached XP level 1. HP: 18/18 MP: 1/1
   317 | D:1      | Gained mutation: You regenerate a little health from kills. [demonic ancestry]
   317 | D:1      | Reached XP level 2. HP: 10/24 MP: 2/2
  1314 | D:2      | Gained mutation: You have sharp fingernails. [demonic ancestry]
  1314 | D:2      | Reached XP level 3. HP: 29/29 MP: 3/3
  1411 | D:2      | Noticed Jessica
  1420 | D:2      | Killed Jessica
  1420 | D:2      | Reached skill level 1 in Dodging
  1487 | D:2      | Gained mutation: You are partially covered in rugged brown scales (AC +1, +3% HP). [demonic ancestry]
  1487 | D:2      | Reached XP level 4. HP: 29/36 MP: 4/4
  1659 | D:2      | Found a faded altar to an unknown god.
  2132 | D:3      | Noticed DecibelRebel's ghost (average TeAE)
  2142 | D:3      | Killed DecibelRebel's ghost
  2142 | D:3      | Reached skill level 4 in Shields
  2142 | D:3      | Gained mutation: You have very sharp fingernails. [demonic ancestry]
  2142 | D:3      | Reached XP level 5. HP: 22/42 MP: 5/5
  3196 | D:4      | Gained mutation: You regenerate health from kills. [demonic ancestry]
  3196 | D:4      | Reached XP level 6. HP: 36/49 MP: 6/6
  3629 | D:4      | Noticed a phantom
  3639 | D:4      | Found a snail-covered altar of Cheibriados.
  3696 | D:4      | Killed a phantom
  3919 | D:4      | Found a sparkling altar of Nemelex Xobeh.
  3972 | D:4      | Reached XP level 7. HP: 44/55 MP: 7/7
  3988 | D:4      | Noticed a phantom
  4078 | D:4      | HP: 1/55 [orc wizard/puff of flame (7)]
  4081 | D:4      | Killed from afar by an orc wizard

Vault maps used:
D:1:      roderic_chinese_lattice_arrival, kennysheep_another_room,
          hangedman_decor_riveting
D:2:      ecumenical_altar_2, uniq_jessica
D:3:      corexii_shack_village, first_bread
D:4:      kennysheep_mini_moat, nemelex_xobeh_ov_fountains_minmay

Action                   |  1- 3 |  4- 6 |  7- 9 || total
-------------------------+-------+-------+-------++-------
Melee: War axe           |   123 |   364 |    36 ||   523
  Use: Potion            |       |     1 |     2 ||     3
  Eat: Chunk             |     2 |     9 |       ||    11
